 Seeded DCSS version 0.29-a0-72-g1732ff48e7 (webtiles) character file.

Game seed: 10000000000011 (custom seed)

225 knot the Chopper (level 5, -10/36 (41) HPs)
             Began as a Demonspawn Berserker on Feb 3, 2022.
             Was a Believer of Trog.
             Mangled by Duvessa (11 damage)
             ... on level 4 of the Dungeon.
             The game lasted 00:02:23 (3068 turns).

knot the Chopper (Demonspawn Berserker)             Turns: 3068, Time: 00:02:23

HP:   -10/36 (41)   AC:  2    Str: 18    XL:     5   Next: 68%
MP:   5/5           EV: 12    Int: 10    God:    Trog [**....]
Gold: 105           SH:  0    Dex: 12    Spells: 4/4 levels left

rFire   . . .      SeeInvis .   a - +0 hand axe
rCold   . . .      Faith    .   (no shield)
rNeg    . . .      Spirit   .   b - +0 animal skin
rPois   .          Reflect  .   (no helmet)
rElec   .          Harm     .   (no cloak)
rCorr   .          Rampage  .   (no gloves)
Will    .....                   (no boots)
Stlth   +.........              (no amulet)
HPRegen 0.12/turn               (no ring)
MPRegen 0.18/turn               (no ring)

@: heavily drained
A: magic regeneration, demonic touch 1
a: Renounce Religion, Berserk, Trog's Hand


You were on level 4 of the Dungeon.
You worshipped Trog.
Trog was pleased with you.
You visited 1 branch of the dungeon, and saw 4 of its levels.

You collected 105 gold pieces.

Inventory:

Hand Weapons
 a - a +0 hand axe (weapon)
Missiles
 f - 68 stones (quivered)
 l - 2 poisoned darts
 p - 4 boomerangs
Armour
 b - a +0 animal skin (worn)
Jewellery
 d - an amulet of reflection
Wands
 o - a wand of polymorph (4)
Scrolls
 c - a scroll of amnesia {unknown}
 h - 2 scrolls of identify {unknown}
 m - 2 scrolls of blinking {unknown}
 n - a scroll of fog {unknown}
Potions
 e - a potion of curing {unknown}
 g - a potion of lignification {unknown}
 i - a potion of might {unknown}
 j - a potion of heal wounds {unknown}
 k - a potion of magic {unknown}


   Skills:
 - Level 3.0 Fighting
 + Level 5.9 Axes
 - Level 1.7 Armour
 - Level 1.7 Dodging


You had 4 spell levels left.
You didn't know any spells.
Your spell library contained the following spells:

 Spells                   Type           Power      Damage    Failure   Level
 Corpse Rot               Necr/Air       0%         N/A       50%         2
 Ensorcelled Hibernation  Hex/Ice        0%         N/A       50%         2
 Passwall                 Tmut/Erth      0%         N/A       50%         2
 Poisonous Vapours        Pois/Air       0%         N/A       50%         2
 Swiftness                Air            0%         N/A       75%         3


Dungeon Overview and Level Annotations

Branches:
Dungeon (4/15)
 Temple: D:4-7

Altars:

Shops:
D:3 [

Annotations:
D:4 Dowan, Duvessa, Ijyb


Innate Abilities, Weirdness & Mutations

You regenerate magic rapidly.
Your touch may inflict minor irresistible damage on your foes.


Message History

You are exhausted.
You feel yourself slow down.
You start resting.
You feel yourself speed up.
You start resting.
You recover from your berserk rage.
You start resting.
You start resting.
HP restored.
You climb downwards.
Level annotation: Dowan, Duvessa, Ijyb Duvessa closely misses you.
There is a stone staircase leading up here.
Aiming: Polymorph
Press: ? - help, Shift-Dir - straight line, f - Duvessa
Aim: Duvessa, wielding a +2 short sword of draining and wearing a +0 ring mail (will become a river rat, a scorpion, or a wolf, chance to affect: 31%) Duvessa easily resists.
Duvessa hits you with a +2 short sword of draining.
You feel drained.
Aiming: Polymorph
Press: ? - help, Shift-Dir - straight line, f/p - Duvessa
Aim: Duvessa, wielding a +2 short sword of draining and wearing a +0 ring mail (will become a river rat, a scorpion, or a wolf, chance to affect: 31%) Duvessa easily resists.
Duvessa hits you with a +2 short sword of draining!
You feel drained.
Aiming: Polymorph
Press: ? - help, Shift-Dir - straight line, f/p - Duvessa
Aim: Duvessa, wielding a +2 short sword of draining and wearing a +0 ring mail (will become a river rat, a scorpion, or a wolf, chance to affect: 31%) Duvessa easily resists.
Duvessa says, "When magic and the sword combine, nothing stands against them."
Duvessa hits you with a +2 short sword of draining!
* * * LOW HITPOINT WARNING * * *
You feel drained.
* * * LOW HITPOINT WARNING * * *
Aiming: Polymorph
Press: ? - help, Shift-Dir - straight line, f/p - Duvessa
Aim: Duvessa, wielding a +2 short sword of draining and wearing a +0 ring mail (will become a river rat, a scorpion, or a wolf, chance to affect: 31%) Duvessa easily resists.
Duvessa hits you with a +2 short sword of draining!
You die...

##########
........>####################
...........e..g.Z..Z...Z..Z.Z
##
.....>...###################.
.## .......>.#......#### ##
..##########............
)...###### ##..g@...###
.##.....)####..e.....#
.#######).....######.# ..##
######.# # #..## #..# ##..#
##.# ##.# .# #.## .# #..## .#


You could see Duvessa and a goblin.

Vanquished Creatures
  An ogre (D:3)
  An orc priest (D:4)
  5 adders
  2 orcs (D:4)
  6 endoplasms
  2 giant cockroaches
  3 goblins
  5 hobgoblins
  14 jackals
  2 ball pythons
  7 bats
  5 frilled lizards
  3 kobolds
  5 rats
61 creatures vanquished.

Notes
Turn   | Place    | Note
-------+----------+-------------------------------------------
     0 | D:1      | knot the Demonspawn Berserker began the quest for the Orb.
     0 | D:1      | Reached XP level 1. HP: 18/18 MP: 1/1
   104 | D:1      | Reached skill level 3 in Axes
   191 | D:1      | Gained mutation: You regenerate magic rapidly. [demonic
                  | ancestry]
   191 | D:1      | Reached XP level 2. HP: 14/24 MP: 2/2
  1272 | D:2      | Reached skill level 4 in Axes
  1272 | D:2      | Gained mutation: Your touch may inflict minor irresistible
                  | damage on your foes. [demonic ancestry]
  1272 | D:2      | Reached XP level 3. HP: 28/29 MP: 3/3
  1826 | D:2      | Reached ** piety under Trog
  1846 | D:2      | Reached XP level 4. HP: 19/35 MP: 4/4
  2296 | D:3      | Noticed an ogre
  2311 | D:3      | Killed an ogre
  2312 | D:3      | Reached skill level 5 in Axes
  2312 | D:3      | Reached XP level 5. HP: 41/41 MP: 5/5
  2435 | D:3      | Found Daocsar's Antique Armour Emporium.
  2864 | D:4      | Noticed Duvessa
  2865 | D:4      | Noticed Dowan
  2865 | D:4      | Noticed Ijyb
  3067 | D:4      | HP: 1/36 [Duvessa (5)]
  3068 | D:4      | Mangled by Duvessa

Illustrated notes

Levels and vault maps discovered:
D:1:      lordsloth_arrival_two_stooges, layout_basic, grunt_decor_fettered,
          minmay_misc_feat_diagonals, nicolae_concentric_dashed_squares_wild
D:2:      layout_rooms, hangedman_decor_clover_reticule
D:3:      layout_basic, serial_shops, shop, kennysheep_path_1
D:4:      layout_rooms, temple_doors_e, uniq_duvessa, uniq_ijyb

Skill      XL: |  1  2  3  4 |
---------------+-------------+-----
Axes           | 3 4 5 |  5.9
Fighting       | |  3.0
Armour         | |  1.7
Dodging        | |  1.7

Action                   |  1- 3 |  4- 6 || total
-------------------------+-------+-------++-------
Melee: Hand axe          |   105 |    43 ||   148
       Punch             |     1 |       ||     1
       Touch             |     4 |     6 ||    10
Throw: Stone             |       |     3 ||     3
Invok: Berserk           |     4 |     3 ||     7
Evoke: Wand              |       |     4 ||     4
Armor: Animal skin       |    31 |     8 ||    39
Dodge: Dodged            |    83 |    34 ||   117

Table legend: (Time is in decaauts)
 A = Elapsed time spent in this place.
 B = Non-inter-level travel time spent in this place.
 C = Inter-level travel time spent in this place.
 D = Time resting spent in this place.
 E = Time spent auto-exploring this place.
 F = Levels seen in this place.
 G = Mean time per level.
                   A        B        C        D        E       F      G
               +--------+--------+--------+--------+--------+-----+--------+
         Total |   3142 |   3091 |     51 |    949 |   1730 |   4 |  785.5 |
       Dungeon |   3142 |   3091 |     51 |    949 |   1730 |   4 |  785.5 |
               +--------+--------+--------+--------+--------+-----+--------+

Top non-repeatable levels by time:
     D:1: 1276 daAuts
     D:2: 930 daAuts
     D:3: 723 daAuts
     D:4: 212 daAuts
